 Dungeon Crawl Stone Soup version 0.28.0-45-g0d030f2227 (webtiles) character file.

Game seed: 16023597633814251592

7 bobregger the Ducker (level 2, 0/24 HPs)
             Began as an Ogre Wanderer on Apr 21, 2022.
             Slain by a jackal (2 damage)
             ... on level 1 of the Dungeon.
             The game lasted 00:00:30 (194 turns).

bobregger the Ducker (Ogre Wanderer)                 Turns: 194, Time: 00:00:31

Health: 0/24       AC:  3    Str: 16    XL:     2   Next: 0%
Magic:  3/3        EV: 10    Int: 12    God:
Gold:   0          SH:  0    Dex:  8    Spells: 3/3 levels left

rFire   . . .      SeeInvis .   a - +0 club
rCold   . . .      Faith    .   (no shield)
rNeg    . . .      Spirit   .   d - +0 robe
rPois   .          Reflect  .   (helmet restricted)
rElec   .          Harm     .   (no cloak)
rCorr   .          Rampage  .   (gloves unavailable)
Will    .....                   (boots unavailable)
Stlth   +.........              (no amulet)
HPRegen 0.08/turn               (no ring)
MPRegen 0.08/turn               (no ring)

@: no status effects
A: large, unfitting armour, tough skin 1
a: no special abilities


You were on level 1 of the Dungeon.
You visited 1 branch of the dungeon, and saw 1 of its levels.

Inventory:

Hand Weapons
 a - a +0 club (weapon)
Missiles
 b - 3 throwing nets (quivered)
Armour
 d - a +0 robe (worn)
Wands
 c - a wand of polymorph (6)


   Skills:
 + Level 4.6 Dodging
 - Level 1.2 Spellcasting
 + Level 2.9 Necromancy
 - Level 1.0 Evocations


You had 3 spell levels left.
You didn't know any spells.
Your spell library contained the following spells:

 Spells                   Type           Power      Damage    Failure   Level
 Sublimation of Blood     Necr           7%         N/A       13%         2
 Corpse Rot               Necr/Air       8%         N/A       24%         2


Dungeon Overview and Level Annotations

Branches:
Dungeon (1/15)

Altars:


Innate Abilities, Weirdness & Mutations

You are too large for most types of armour.
You have tough skin. (AC +1)


Message History

* * * LOW HITPOINT WARNING * * *
The jackal barely misses you.
You miss the jackal.
The jackal is severely wounded.
The jackal bites you.
* * * LOW HITPOINT WARNING * * *
The jackal misses you.
You hit the jackal.
You kill the jackal!
You have reached level 2!
You start resting.
A jackal comes into view.
The jackal barks!
You barely miss the jackal. The jackal barely misses you. x2
You closely miss the jackal. Your punch misses the jackal.
The jackal bites you.
* * * LOW HITPOINT WARNING * * *
You hit the jackal but do no damage. The jackal barely misses you.
The jackal bites you but does no damage.
You barely miss the jackal. The jackal bites you.
* * * LOW HITPOINT WARNING * * *
The jackal bites you but does no damage.
You hit the jackal but do no damage.
The jackal bites you but does no damage.
The jackal closely misses you.
You closely miss the jackal. The jackal barely misses you.
The jackal closely misses you.
You hit the jackal but do no damage.
The jackal bites you but does no damage.
You barely miss the jackal. The jackal bites you.
* * * LOW HITPOINT WARNING * * *
The jackal closely misses you.
You closely miss the jackal. The jackal barely misses you.
The jackal closely misses you.
You hit the jackal.
The jackal is lightly wounded.
The jackal bites you.
* * * LOW HITPOINT WARNING * * *
The jackal bites you.
You die...

..#≈# .#### .# .#≈####
.# .####.# .# .#d##.# .#
#####.# ##.# #D# #.# #..
### #.## #.# #^# ##.#
#@# ######.# #h#
..#^##.#########.#
#.####...........###.###
#.#^##.#########†......#
#.####.# #........
...##..# #........
.>.'..## ##.##.#..
...#### .# .# .


You could see a jackal.

Vanquished Creatures
  A goblin (D:1)
  3 jackals (D:1)
  A ball python (D:1)
  A rat (D:1)
6 creatures vanquished.

Notes
Turn   | Place    | Note
-------+----------+-------------------------------------------
     0 | D:1      | bobregger the Ogre Wanderer began the quest for the Orb.
     0 | D:1      | bobregger set off with the following items: a +0 club, 3
                  | throwing nets, a wand of polymorph (6), a +0 robe; and the
                  | following spells available to memorise: Sublimation of
                  | Blood, Corpse Rot
     0 | D:1      | Reached XP level 1. HP: 16/16 MP: 2/2
     0 | D:1      | Noticed a red draconian
     0 | D:1      | Noticed a tentacled monstrosity
     1 | D:1      | Noticed a purple draconian
     3 | D:1      | Noticed a tentacled monstrosity
     3 | D:1      | Noticed a tentacled monstrosity
     5 | D:1      | Noticed a tentacled monstrosity
     8 | D:1      | Noticed an orb of fire
    10 | D:1      | Noticed a tentacled monstrosity
    12 | D:1      | Noticed an ice dragon
    12 | D:1      | Noticed a black draconian
    13 | D:1      | Noticed an iron dragon
    15 | D:1      | Noticed a golden dragon
    15 | D:1      | Noticed an orb of fire
    17 | D:1      | Noticed a red draconian
    19 | D:1      | Noticed an ice dragon
    21 | D:1      | Noticed a tentacled monstrosity
   126 | D:1      | Reached XP level 2. HP: 4/24 MP: 3/3
   194 | D:1      | Slain by a jackal

Illustrated notes

Levels and vault maps discovered:
D:1:      shiori_arrival_whats_in_store_for_you, layout_loops_ring,
          chequers_serial_rivers_large_a, minmay_tetromino_t4

Action                   || total
-------------------------++-------
Melee: Club              ||    35
       Punch             ||     1
Armor: Robe              ||    14
Dodge: Dodged            ||    28
